 Dungeon Crawl Stone Soup version 0.30-a0-782-ge64f9170bb (webtiles) character file.

Game seed: 11282883997325212582

435 funkygono the Chopper (level 6, -1/55 HPs)
             Began as a Minotaur Fighter on Mar 16, 2023.
             Slain by a wight
             ... wielding a +0 long sword
              (4 damage)
             ... on level 3 of the Dungeon.
             The game lasted 00:03:00 (1531 turns).

funkygono the Chopper (Minotaur Fighter)            Turns: 1531, Time: 00:03:01

Health: -1/55      AC:  7    Str: 29    XL:     6   Next: 68%
Magic:  5/5        EV: 10    Int:  5    God:
Gold:   127        SH:  4    Dex:  9    Spells: 5/5 levels left

rFire   . . .      SeeInvis .    a - +0 war axe
rCold   . . .      Faith    .    c - +0 buckler
rNeg    . . .      Spirit   .    b - +0 scale mail
rPois   .          Reflect  .    (helmet restricted)
rElec   .          Harm     .    (no cloak)
rCorr   .          Rampage  .    (no gloves)
Will    .....                    (no boots) Stlth
                                 (no amulet)
HPRegen 0.29/turn                e - +6 ring of strength
MPRegen 0.09/turn                (no ring)

@: no status effects
A: horns 2, retaliatory headbutt
a: no special abilities


You were on level 3 of the Dungeon.
You visited 1 branch of the dungeon, and saw 3 of its levels.

You collected 127 gold pieces.

Inventory:

Hand Weapons
 a - a +0 war axe (weapon)
Armour
 b - a +0 scale mail (worn)
 c - a +0 buckler (worn)
 k - the +1 ring mail "Cytagg" {Str-5 Int+7 SInv}
   (You found it on level 2 of the Dungeon)

   Str:       It affects your strength (-5).
   Int:       It affects your intelligence (+7).
   SInv:      It lets you see invisible.
Jewellery
 e - a +6 ring of strength (left hand)
Scrolls
 f - 2 scrolls of vulnerability {unknown}
 g - a scroll of fog {unknown}
 h - a scroll of noise {unknown}
 i - a scroll of enchant weapon {unknown}
 j - a scroll of poison {unknown}
 l - 3 scrolls of torment {unknown}
 m - a scroll of silence {unknown}
 n - 2 scrolls of immolation {unknown}
 o - a scroll of enchant armour {unknown}
Potions
 d - a potion of might
 p - a potion of mutation {unknown}


   Skills:
 + Level 4.9 Fighting
 + Level 5.6 Axes
 + Level 5.6 Armour
 + Level 1.6 Dodging
 + Level 4.6 Shields


You had 5 spell levels left.
You didn't know any spells.
Your spell library was empty.

Dungeon Overview and Level Annotations

Branches:
Dungeon (3/15)

Altars:
Gozag
Yredelemnul

Shops:
D:2 [


Innate Abilities, Weirdness & Mutations

You have a pair of horns on your head.
You reflexively headbutt those who attack you in melee.


Message History

Your Dodging skill increases to level 1!
You have reached level 6!
p - a dark potion A wight comes into view.
It is wielding a +3 falchion.
A wight comes into view. It is wielding a +0 long sword.
The wight moves out of view.
A wight comes into view. It is wielding a +5 war axe.
You hit the wight but do no damage. The wight hits you with a +3 falchion!
You hit the wight but do no damage. The wight hits you with a +3 falchion.
You hit the wight.
The wight is moderately damaged.
The wight hits you with a +3 falchion!
You feel drained.
You barely miss the wight. You headbutt the wight!
The wight is almost destroyed.
You block the wight's attack.
You slash the wight!
You destroy the wight!
The wight misses you.
Your life force feels restored.
You hit the wight but do no damage. You headbutt the wight.
The wight is heavily damaged.
The wight hits you with a +5 war axe!
You feel drained.
You closely miss the wight.
The wight is heavily damaged.
The wight hits you with a +5 war axe.
You hit the wight but do no damage.
The wight is heavily damaged.
You block the wight's attack.
You hit the wight.
The wight is almost destroyed.
The wight hits you with a +5 war axe.
* * * LOW HITPOINT WARNING * * *
You feel drained. The wight hits you with a +5 war axe!
* * * LOW HITPOINT WARNING * * *
You slash the wight!
You destroy the wight!
Your life force feels restored.
You barely miss the wight.
The wight hits you with a +0 long sword.
You die...

######## #.....>#
#.....># #......#
#......#
#..###.### #
#.##.....## .
#@#.8...8.# #.
#z#.......#### #..
#....._......# ..#
#.#.......##.##..#
#.#.8...8.##.....#
..##.....#####...#
...###.#######..#.
... .... #........
(... #..###..##


You could see a wight.

Vanquished Creatures
  Grinder (D:3)
  2 wights (D:3)
  Natasha (thrice) (D:2)
  2 adders
  A dart slug (D:2)
  5 bats
  5 endoplasms
  2 giant cockroaches
  7 goblins
  3 hobgoblins (D:1)
  5 jackals
  6 ball pythons
  4 frilled lizards (D:1)
  8 kobolds
  3 rats (D:1)
57 creatures vanquished.

Vanquished Creatures (others)
  2 plants (D:1)
2 creatures vanquished.

Grand Total: 59 creatures vanquished

Notes
Turn   | Place    | Note
-------+----------+-------------------------------------------
     0 | D:1      | funkygono the Minotaur Fighter began the quest for the Orb.
     0 | D:1      | Reached XP level 1. HP: 19/19 MP: 0/0
    98 | D:1      | Reached XP level 2. HP: 27/27 MP: 1/1
   368 | D:1      | Reached XP level 3. HP: 29/33 MP: 2/2
   657 | D:2      | Found a basalt altar of Yredelemnul.
   676 | D:2      | Identified the +1 ring mail "Cytagg" {Str-5 Int+7 SInv}
   901 | D:2      | Found Iruva's Antique Armour Shop.
  1033 | D:2      | Noticed Natasha
  1041 | D:2      | Killed Natasha
  1042 | D:2      | Reached XP level 4. HP: 40/41 MP: 3/3
  1067 | D:2      | Noticed Natasha
  1074 | D:2      | Killed Natasha
  1082 | D:2      | Noticed Natasha
  1085 | D:2      | Killed Natasha
  1200 | D:2      | Reached XP level 5. HP: 47/47 MP: 4/4
  1429 | D:3      | Found an opulent altar of Gozag.
  1441 | D:3      | Noticed Grinder
  1445 | D:3      | Paralysed by Grinder for 2 turns
  1453 | D:3      | Killed Grinder
  1454 | D:3      | Reached skill level 5 in Axes
  1454 | D:3      | Reached skill level 5 in Armour
  1454 | D:3      | Reached skill level 1 in Dodging
  1454 | D:3      | Reached XP level 6. HP: 37/53 MP: 5/5
  1529 | D:3      | HP: 2/52 [wight/+5 war axe (8)]
  1531 | D:3      | Slain by a wight

Illustrated notes

Levels and vault maps discovered:
D:1:      denvon_arrival_planthouse, layout_basic
D:2:      layout_loops_ring, serial_shops, shop, basic_altar,
          grunt_ministairs_8, minmay_misc_feat_ornament, chequers_jeans,
          uniq_natasha
D:3:      layout_rooms, overflow_temple_1_default, nicolae_elyvilon_temple_path,
          grunt_gozag_statues, shapermc_ecumenical_altar_hornbeckon,
          gammafunk_ghost_arena, uniq_grinder, uniq_sigmund, uniq_jessica,
          uniq_robin

Skill      XL: |  1  2  3  4  5 |
---------------+----------------+-----
Fighting       | 4 |  4.9
Shields        | 4 |  4.6
Armour         | 4 5 |  5.6
Axes           | 3 4 5 |  5.6
Dodging        | 1 |  1.6

Action                     |  1- 3 |  4- 6 || total
---------------------------+-------+-------++-------
  Melee: War axe           |    92 |    34 ||   126
         Headbutt          |    13 |     7 ||    20
 Armour: Scale mail        |    45 |    10 ||    55
  Dodge: Dodged            |    45 |    10 ||    55
  Block: Buckler           |    33 |     6 ||    39

Table legend: (Time is in decaauts)
 A = Elapsed time spent in this place.
 B = Non-inter-level travel time spent in this place.
 C = Inter-level travel time spent in this place.
 D = Time resting spent in this place.
 E = Time spent auto-exploring this place.
 F = Levels seen in this place.
 G = Mean time per level.
                   A        B        C        D        E       F      G
               +--------+--------+--------+--------+--------+-----+--------+
         Total |   1587 |   1578 |      9 |      0 |   1194 |   3 |  529.0 |
       Dungeon |   1587 |   1578 |      9 |      0 |   1194 |   3 |  529.0 |
               +--------+--------+--------+--------+--------+-----+--------+

Top non-repeatable levels by time:
     D:2: 744 daAuts
     D:1: 659 daAuts
     D:3: 183 daAuts
